 Dungeon Crawl Stone Soup version 0.19-a0-1886-gd64a0f0 (webtiles) character file.

70 Theye the Skirmisher (level 4, 35/35 HPs)
             Began as a Demonspawn Fighter on Oct 15, 2016.
             Quit the game on level 2 of the Dungeon.
             The game lasted 00:01:34 (1031 turns).

Theye the Skirmisher (Demonspawn Fighter)           Turns: 1031, Time: 00:01:35

Health: 35/35      AC:  5    Str: 17    XL:     4   Next: 4%
Magic:  4/4        EV: 10    Int:  9    God:
Gold:   103        SH:  0    Dex: 13    Spells: 0 memorised, 3 levels left

rFire  + . .     SeeInvis +     a - +0 long sword
rCold  x . .     Gourm    .     h - +0 ring mail
rNeg   . . .     Faith    .     (no shield)
rPois  .         Spirit   .     (helmet restricted)
rElec  .         Dismiss  .     (no cloak)
rCorr  .         Reflect  .     (no gloves)
MR     .....     Harm     +     (no boots)
Stlth  ++........               u - amulet of harm
                                t - ring of fire
                                i - ring of see invisible

@: no status effects
A: horns 1, nightstalker 1
a: no special abilities


You were on level 2 of the Dungeon.
You were hungry.

You visited 1 branch of the dungeon, and saw 3 of its levels.

You collected 103 gold pieces.

Inventory:

Hand Weapons
 a - a +0 long sword (weapon)
Armour
 b - a +0 scale mail
 c - a +0 shield
 h - a +0 ring mail (worn)
Jewellery
 i - a ring of see invisible (left hand)
 q - an uncursed amulet of rage
 t - a ring of fire (right hand)
 u - an amulet of harm (around neck)
Scrolls
 g - 2 scrolls of fog {unknown}
 j - 2 scrolls of teleportation {unknown}
 k - a scroll of enchant weapon {unknown}
 m - a scroll of immolation {unknown}
Potions
 d - a potion of might
 e - 3 potions of curing {unknown}
 l - a potion of degeneration {unknown}
 n - a potion of brilliance {unknown}
 o - a potion of cancellation {unknown}
 p - 2 potions of lignification {unknown}
Comestibles
 f - a bread ration
 r - a slice of pizza
 s - 2 meat rations


   Skills:
 + Level 3.5 Fighting
 + Level 2.3 Long Blades
 + Level 3.1 Armour
 + Level 0.5 Dodging
 * Level 1.2 Stealth
 - Level 2.9 Shields


You had 3 spell levels left.
You didn't know any spells.

Dungeon Overview and Level Annotations

Branches:
Dungeon (3/15)

Altars:


Innate Abilities, Weirdness & Mutations

You have a pair of small horns on your head.
You are slightly more attuned to the shadows.


Message History

A giant cockroach comes into view.
A giant cockroach is nearby!
A giant cockroach is nearby!
A giant cockroach is nearby!
You are feeling hungry.
A giant cockroach is nearby!
The giant cockroach misses you.
You riposte.
You slash the giant cockroach!
You kill the giant cockroach!
s - 2 meat rations (gained 1)
You see here a giant cockroach corpse.
u - a thick jasper amulet No target in view!
You see here a giant cockroach corpse.
A bat comes into view.
A bat is nearby!
A bat is nearby!
Put on which piece of jewellery? (? for menu, Esc to quit)
You remove your amulet of rage.
u - an amulet of harm (around neck) Are you sure you want to abandon this character and quit the game? (Confirm with "yes".)

##.#.#
#.......#
...#.#
##†######
##.# #
##.## #
.# #...#
# #...# #
#...# .
#.### .
#.# #@#
#.# #.#
#.# .b#
###


You could see a bat (sleeping).

Vanquished Creatures
  Ijyb (D:3)
  An adder (D:3)
  A dart slug (D:1)
  A leopard gecko (D:2)
  2 ball pythons
  3 giant cockroaches
  4 goblins
  7 hobgoblins
  5 bats
  4 frilled lizards
  A kobold (D:1)
  3 rats
33 creatures vanquished.

Notes
Turn   | Place    | Note
-------+----------+-------------------------------------------
     0 | D:1      | Theye the Demonspawn Fighter began the quest for the Orb.
     0 | D:1      | Reached XP level 1. HP: 18/18 MP: 1/1
    89 | D:1      | Gained mutation: You are slightly more attuned to the shadows. [demonic ancestry]
    89 | D:1      | Reached XP level 2. HP: 3/24 MP: 2/2
   730 | D:2      | You fall through a shaft!
   735 | D:3      | Reached XP level 3. HP: 28/29 MP: 3/3
   740 | D:3      | Noticed Ijyb
   750 | D:3      | Killed Ijyb
   750 | D:3      | Reached skill level 1 in Stealth
   940 | D:2      | Gained mutation: You have a pair of small horns on your head. [demonic ancestry]
   940 | D:2      | Reached XP level 4. HP: 33/35 MP: 4/4
  1031 | D:2      | Quit the game

Vault maps used:
D:1:      minmay_arrival_solitary_statue
D:2:      uniq_jessica
D:3:      kennysheep_goblin_castle, uniq_iyjb

Skill      XL: |  1  2  3 |
---------------+----------+-----
Long Blades    | 2 |  2.3
Armour         | 3 |  3.1
Stealth        | 1 |  1.2
Fighting       | |  3.5
Dodging        | |  0.5
Shields        | |  2.9

Action                   |  1- 3 |  4- 6 || total
-------------------------+-------+-------++-------
Melee: Long sword        |    89 |     2 ||    91
 Stab: Sleeping          |     3 |       ||     3
Armor: Scale mail        |    21 |       ||    21
       Ring mail         |    14 |     1 ||    15
Dodge: Dodged            |    44 |     1 ||    45
Block: Shield            |    30 |       ||    30
       Rpst.: Long sword |    13 |     1 ||    14
